 Dungeon Crawl Stone Soup version 0.29.1-2-gbd0b4ee654 (webtiles) character file.

Game seed: 11360912864362159380

58 qeuew the Poker (level 4, 0/34 HPs)
             Began as a Merfolk Gladiator on Nov 10, 2022.
             Slain by a gnoll
             ... wielding a +0 club
              (5 damage)
             ... on level 2 of the Dungeon.
             The game lasted 00:02:33 (1870 turns).

qeuew the Poker (Merfolk Gladiator)                 Turns: 1870, Time: 00:02:33

Health: 0/34       AC:  5    Str: 16    XL:     4   Next: 1%
Magic:  4/4        EV: 13    Int:  7    God:
Gold:   68         SH:  0    Dex: 15    Spells: 3/3 levels left

rFire   . . .      SeeInvis .   a - +0 trident
rCold   . . .      Faith    .   (no shield)
rNeg    . . .      Spirit   .   b - +0 leather armour
rPois   .          Reflect  .   c - +0 helmet
rElec   .          Harm     .   (no cloak)
rCorr   .          Rampage  .   g - +0 pair of gloves
Will    .....                   (no boots)
Stlth   +.........              (no amulet)
HPRegen 0.11/turn               (no ring)
MPRegen 0.09/turn               (no ring)

@: no status effects
A: (nimble swimmer 2), mertail
a: no special abilities


You were on level 2 of the Dungeon.
You visited 1 branch of the dungeon, and saw 2 of its levels.

You collected 68 gold pieces.

Inventory:

Hand Weapons
 a - a +0 trident (weapon)
Missiles
 d - a throwing net (quivered)
 e - a javelin
Armour
 b - a +0 leather armour (worn)
 c - a +0 helmet (worn)
 g - a +0 pair of gloves (worn)
Scrolls
 f - a scroll of identify
 i - a scroll of blinking {unknown}
Potions
 h - a potion of mutation {unknown}


   Skills:
 + Level 2.8 Fighting
 + Level 4.5 Polearms
 + Level 2.5 Throwing
 + Level 0.9 Armour
 + Level 4.5 Dodging


You had 3 spell levels left.
You didn't know any spells.
Your spell library was empty.

Dungeon Overview and Level Annotations

Branches:
Dungeon (2/15)

Altars:


Innate Abilities, Weirdness & Mutations

((You are very nimble when in or above water. (Stealth+, EV+, Speed+++)))
Your lower body shifts to a powerful aquatic tail in water.


Message History

There is a stone staircase leading down here.
You can't go up here!
You climb downwards.
The gnoll hits you with a +0 club. The gnoll barely misses you.
There is a stone staircase leading up here.
The gnoll attacks as you move away! The gnoll hits you with a +0 club.
The gnoll hits you with a +0 spear.
You puncture the gnoll!
The gnoll is severely wounded.
The gnoll closely misses you. The gnoll barely misses you.
You hit the gnoll but do no damage.
The gnoll is severely wounded.
The gnoll hits you with a +0 spear. The gnoll hits you with a +0 club.
You barely miss the gnoll.
The gnoll is severely wounded.
The gnoll hits you with a +0 spear. The gnoll hits you with a +0 club.
* * * LOW HITPOINT WARNING * * *
You hit the gnoll.
You kill the gnoll!
The gnoll hits you but does no damage. x2; The gnoll completely misses you.
You have reached level 4!
The gnoll barely misses you.
You see here a +0 spear.
You barely miss the gnoll. The gnoll hits you with a +0 spear.
* * * LOW HITPOINT WARNING * * *
The gnoll barely misses you.
You completely miss the gnoll. The gnoll hits you but does no damage.
The gnoll barely misses you.
You hit the gnoll but do no damage. The gnoll barely misses you.
The gnoll hits you but does no damage.
Throw: 2 throwing nets
Press: ? - help, Q - select action, (/) - cycle Shift-Dir - straight line, f - gnoll
Aim: a gnoll, wielding a +0 spear (64% to hit)
You throw a throwing net. The throwing net hits the gnoll.
The gnoll is caught in the net!
The gnoll struggles against the net.
The gnoll misses you.
You puncture the gnoll!
The gnoll is heavily wounded.
The gnoll struggles against the net.
The gnoll hits you with a +0 club.
You die...

### #.# #........ #.# #.#....[##
#.# # #........## ##.#
.##.........# #..#
...........##########.##
####....................#
...............########.#
#.........g@g<...###.###
###....###.#####.#.....# #.####
#.# #.#.###.#### #.# #.# #.#.#
#....# #.# #.# #.#.###.##.#
..######.######.#####.#.....##)#
........ggK....>..........####.#
######.#############.##### #.#
#.# #.# #.#


You could see 2 gnolls.

Vanquished Creatures
  An adder (D:2)
  2 gnolls (D:2)
  3 bats
  An endoplasm (D:1)
  4 giant cockroaches (D:1)
  3 goblins
  2 hobgoblins
  2 kobolds
  A quokka (D:1)
  3 ball pythons
  A frilled lizard (D:1)
  5 rats (D:1)
28 creatures vanquished.

Notes
Turn   | Place    | Note
-------+----------+-------------------------------------------
     0 | D:1      | qeuew the Merfolk Gladiator began the quest for the Orb.
     0 | D:1      | Reached XP level 1. HP: 16/16 MP: 1/1
   185 | D:1      | Reached XP level 2. HP: 23/23 MP: 2/2
  1031 | D:2      | Reached XP level 3. HP: 13/28 MP: 3/3
  1310 | D:2      | Found a faded altar of an unknown god.
  1536 | D:2      | HP: 1/28 [gnoll/+0 club (5)]
  1865 | D:2      | Reached XP level 4. HP: 9/34 MP: 4/4
  1870 | D:2      | Slain by a gnoll

Illustrated notes

Levels and vault maps discovered:
D:1:      dpeg_arrival_radiant, layout_loops_corners, serial_bayou_pond_e
D:2:      layout_loops_ring, hellmonk_ecumenical_altar_inner_sanctum

Action                   |  1- 3 |  4- 6 || total
-------------------------+-------+-------++-------
Melee: Trident           |    90 |     4 ||    94
Throw: Throwing net      |     1 |     1 ||     2
  Use: Scroll            |     4 |       ||     4
       Potion            |     1 |       ||     1
 Stab: Sleeping          |     2 |       ||     2
Armor: Leather armour    |    30 |     2 ||    32
Dodge: Dodged            |    57 |     5 ||    62
